[Event "*** Titled Tuesday Blitz"]
[Site "Chess.com"]
[Date "2018.05.01"]
[Round "1"]
[White "GameOverBro"]
[Black "imdarealist"]
[Result "1-0"]
[WhiteElo "2438"]
[BlackElo "1985"]
[TimeControl "180+2"]
[EndTime "13:07:37 PDT"]
[Termination "GameOverBro won by checkmate"]

1. e4 c5 2. Ne2 d6 3. g3 Nc6 4. Bg2 e5 5. c3 g6 6. d4 cxd4 7.
cxd4 exd4 8. Nxd4 Bg7 9. Be3 Nge7 10. O-O O-O 11. Nc3 h5 12. h3 Bd7 13. Rc1 Qc8 14.
Kh2 a6 15. Nd5 Qd8 16. Qd2 Nxd5 17. exd5 Ne5 18. f4 Nc4 19. Rxc4 Rc8 20. Rxc8 Qxc8 21. Rc1 Qd8 22. f5 Qe7 23. Rf1 Qe5 24. fxg6 h4 25. gxf7+ Rxf7 26. Ne2 Re7 27. Rf3 Be8 28. Kh1 Rc7 29. Bd4 Qh5 30. g4 Qg6 31. Bxg7 Qb1+ 32. Rf1 Qc2 33. Qe3 Bb5 34. Nd4 Qh7 35. Rf8+ Kxg7 36.
Ne6+ Kg6 37. Qg5# 1-0

[Event "*** Titled Tuesday Blitz"]
[Site "Chess.com"]
[Date "2018.05.01"]
[Round "1"]
[White "2Tilted"]
[Black "Fins0905"]
[Result "0-1"]
[WhiteElo "2262"]
[BlackElo "2554"]
[TimeControl "180+2"]
[EndTime "13:07:38 PDT"]
[Termination "Fins0905 won by resignation"]

1. d4 d5 2. c4 c6 3. Nf3 Nf6 4. e3 Bf5 5. Nc3 e6 6. h3 h6 7. Qb3 Qb6 8. c5 Qc7 9. Ne5 Nbd7 10.
f4 Nxe5 11. fxe5 Ne4 12. g4 Bg6 13. Bg2 Nxc3 14. Qxc3 Be7 15. h4 f6 16. h5 Bh7 17.
O-O fxe5 18. dxe5 Bh4 19. Bd2 Bg3 20. Rf4 Bxf4 21. exf4 O-O-O 22. Qd4 Be4 23. a4 Qe7 24. b4 Qh4 25. Ra2 Qxg4 26. Be3 g6 27. b5 gxh5 28.
bxc6 bxc6 29. Qb4 Rhg8 30. Rb2 Qd1+ 31. Kh2 Rxg2+ 32. Rxg2 Bxg2 33. Kxg2 Rg8+ 0-1

[Event "*** Titled Tuesday Blitz"]
[Site "Chess.com"]
[Date "2018.05.01"]
[Round "1"]
[White "Abrito99"]
[Black "Eliwood44"]
[Result "1-0"]
[WhiteElo "2501"]
[BlackElo "2143"]
[TimeControl "180+2"]
[EndTime "13:07:38 PDT"]
[Termination "Abrito99 won by resignation"]

1. e4 e5 2. Nf3 Nc6 3. Bc4 Nf6 4. d3 h6 5. O-O d6 6. c3 g6 7. Re1 Bg7 8. h3 O-O 9. Bb3 Na5 10. Bc2 c5 11. Be3 Nc6 12. a4 Kh7 13. Na3 Be6 14. d4 exd4 15. cxd4 cxd4 16. Nxd4 Nxd4 17. Bxd4 d5 18. e5 Ne4 19. Nb5 a6 20. Nc3 Nxc3 21.
bxc3 Qg5 22. Qf3 Rfc8 23. Rab1 Qe7 24. Rb6 Rc6 25. Reb1 Rxb6 26. Rxb6 Rc8 27. Bb3 Qd7 28. Rd6 Qe8 29. Bxd5 Bxd5 30. Qxd5 Rc6 31. Rd7 Re6 32. Qxb7 Kg8 33. Qc7 Bf8 34. Rd8 Qc6 35. Qb8 1-0

[Event "*** Titled Tuesday Blitz"]
[Site "Chess.com"]
[Date "2018.05.01"]
[Round "1"]
[White "Zaven_ChessMood"]
[Black "Arystanner23"]
[Result "1-0"]
[WhiteElo "2876"]
[BlackElo "2406"]
[TimeControl "180+2"]
[EndTime "13:07:41 PDT"]
[Termination "Zaven_ChessMood won by resignation"]

1. e4 e5 2. Nf3 Nc6 3. Bc4 Bc5 4.
c3 Nf6 5. d3 a6 6. Nbd2 Ba7 7.
O-O d6 8. Bb3 h6 9. Nc4 Qe7 10.
Ne3 Be6 11. Nd5 Bxd5 12. exd5 Na5 13. Ba4+ b5 14. Bc2 Nxd5 15. d4 Nf6 16. dxe5 dxe5 17. Nxe5 O-O 18. Bf4 Nc4 19. Nxc4 bxc4 20. Qf3 Rab8 21.
Rfe1 Qd7 22. Rad1 Qg4 23. b3 Qxf3 24. gxf3 cxb3 25. Bxb3 Bb6 26. Re7 Rbe8 27. Rde1 Rxe7 28. Rxe7 c6 29. Bd6 Rd8 30. Rxf7 Kh8 31. Be5 Nh5 32.
f4 Rd2 33. Rf8+ Kh7 34. Bg8+ Kg6 35. Bf7+ Kf5 36. Bxh5+ Ke4 37. Bd4 Bxd4 38. cxd4 Rxd4 39. Kg2 c5 40. Bg6+ Kd5 41. Rd8+ Kc4 42. Rxd4+ Kxd4 43. Kf3 1-0

[Event "*** Titled Tuesday Blitz"]
[Site "Chess.com"]
[Date "2018.05.01"]
[Round "1"]
[White "Ginger_GM"]
[Black "Chess_Lynx"]
[Result "1-0"]
[WhiteElo "2477"]
[BlackElo "2109"]
[TimeControl "180+2"]
[EndTime "13:07:45 PDT"]
[Termination "Ginger_GM won by checkmate"]

1. d4 Nf6 2. c4 g6 3. Nc3 Bg7 4. e4 O-O 5. h4 d6 6. h5 Bg4 7. f3 Bxh5 8. g4 c5 9. d5 e5 10. gxh5 Nxh5 11. Nge2 Bf6 12. Be3 Bh4+ 13. Kd2 f5 14. exf5 Rxf5 15. Bh3 Rxf3 16. Be6+ Kg7 17.
Rf1 Rxe3 18. Kxe3 Na6 19. a3 Nc7 20. Ne4 b5 21. Rf7+ Kh8 22. Rd7 Bg5+ 23. Kd3 bxc4+ 24. Kc2 Qb8 25. Nxg5 Nxe6 26. Rxh7+ Kg8 27. dxe6 Qb3+ 28.
Kc1 Qe3+ 29. Qd2 Qf2 30. Nc3 Qg1+ 31. Kc2 Qxa1 32. Nd5 Rb8 33. Ne7+ Kf8 34. Nxg6+ Ke8 35. Re7+ Kd8 36. Nf7+ Kc8 37. Nxd6+ Kd8 38. Rd7# 1-0

[Event "*** Titled Tuesday Blitz"]
[Site "Chess.com"]
[Date "2018.05.01"]
[Round "1"]
[White "Andnar"]
[Black "FairChess_on_YouTube"]
[Result "0-1"]
[WhiteElo "2408"]
[BlackElo "2875"]
[TimeControl "180+2"]
[EndTime "13:07:46 PDT"]
[Termination "FairChess_on_YouTube won by resignation"]

1. e4 g6 2. d4 Bg7 3. Nc3 c6 4. Nf3 d6 5. Bc4 Nf6 6. h3 b5 7. Bd3 O-O 8. Bg5 h6 9. Be3 a6 10. Qd2 Kh7 11. g4 Nfd7 12. h4 Rh8 13. h5 g5 14. e5+ Kg8 15. exd6 Nf6 16. dxe7 Qxe7 17.
Ne5 Nxg4 18. O-O-O Nxe3 19. Qxe3 Nd7 20. Nxc6 Qxe3+ 21. fxe3 Bb7 22. Be4 Re8 23. Ne7+ Rxe7 24. Bxb7 Nf6 25. Bxa6 b4 26. Nb5 Rxe3 27. d5 Kh7 28. Nd4 Rd8 29. Nf5 Re5 30. Nxg7 Kxg7 31. Rd4 Rdxd5 32. Rxb4 g4 33. Rg1 Rxh5 34. Bc8 Rhg5 35. a4 h5 36. c4 Rc5 37. b3 Rxc8 0-1

[Event "*** Titled Tuesday Blitz"]
[Site "Chess.com"]
[Date "2018.05.01"]
[Round "1"]
[White "Jbd735"]
[Black "Cruel_Yaro"]
[Result "1-0"]
[WhiteElo "2344"]
[BlackElo "2631"]
[TimeControl "180+2"]
[EndTime "13:07:47 PDT"]
[Termination "Jbd735 won by resignation"]

1. e4 a6 2. d4 c6 3. Nf3 d5 4. Nc3 Bg4 5. Be3 e6 6. Be2 Bb4 7. O-O Nd7 8. e5 Ne7 9. h3 Bxf3 10.
Bxf3 Nf5 11. Ne2 c5 12. c3 cxd4 13. cxd4 Nxe3 14. fxe3 O-O 15. Qb3 a5 16. a3 Be7 17.
Rac1 a4 18. Qxb7 Rb8 19. Qa7 Bg5 20. Nf4 Rxb2 21. Rc7 Bxf4 22. exf4 Nb6 23. f5 Nc8 24. Qc5 Nb6 25. Bg4 exf5 26. Rxf5 Rb5 27. Qc6 Rb1+ 28.
Kh2 Qh4 29. Rcxf7 Rc8 30. Rf8+ Rxf8 31. Qe6+ 1-0

[Event "*** Titled Tuesday Blitz"]
[Site "Chess.com"]
[Date "2018.05.01"]
[Round "1"]
[White "igorkovalenko"]
[Black "Manukyan_Artak"]
[Result "1-0"]
[WhiteElo "2713"]
[BlackElo "2372"]
[TimeControl "180+2"]
[EndTime "13:07:49 PDT"]
[Termination "igorkovalenko won by resignation"]

1. e4 c6 2. d4 d5 3. exd5 cxd5 4. Bd3 Nc6 5. c3 Nf6 6. Bf4 Bg4 7. Qb3 Qc8 8. Nd2 e6 9. Ngf3 Be7 10. O-O O-O 11. Rae1 Re8 12. Ne5 Bh5 13. Ndf3 Nxe5 14. Nxe5 a6 15. a4 Nd7 16. Qc2 Bg6 17. Nxg6 hxg6 18. g3 Qc6 19. a5 Bd6 20. Bd2 b5 21. axb6 Nxb6 22. h4 Nc4 23. Bc1 e5 24. b3 Nb6 25.
dxe5 Bxe5 26. Bd2 a5 27. Re2 Bf6 28. Rfe1 Rxe2 29. Rxe2 Rc8 30. Ba6 Re8 31. Rxe8+ Qxe8 32. Qd3 Qc6 33. Bb5 Qe6 34. Be3 Nd7 35. c4 dxc4 36.
Qxd7 Qxd7 37. Bxd7 cxb3 38. Ba4 b2 39. Bc2 a4 40. Bc5 g5 41. hxg5 Bxg5 42. Ba3 Bc1 43.
Bb1 g6 44. Kf1 f5 45. Ke2 Kg7 46. Kd3 f4 47. g4 Kf6 48. f3 Kg5 49. Be7+ Kh6 50. Kc4 Bd2 51. Bf6 a3 52. Kb3 1-0

[Event "*** Titled Tuesday Blitz"]
[Site "Chess.com"]
[Date "2018.05.01"]
[Round "1"]
[White "rubhani"]
[Black "gemarin"]
[Result "1-0"]
[WhiteElo "2418"]
[BlackElo "1868"]
[TimeControl "180+2"]
[EndTime "13:07:50 PDT"]
[Termination "rubhani won by checkmate"]

1. e4 c5 2. Nf3 d6 3. d4 cxd4 4. Nxd4 Nf6 5. Nc3 Nc6 6. Bg5 Qb6 7. Nb3 Be6 8. Qd2 Bxb3 9. axb3 e6 10. Be3 Qd8 11.
f3 a6 12. Be2 Be7 13. O-O-O Qc7 14. g4 h6 15. h4 Nd7 16. f4 O-O-O 17. g5 hxg5 18.
hxg5 g6 19. Kb1 Kb8 20. Bd3 Rc8 21. Qf2 Nb4 22. Bc4 Qc6 23. Bd4 Rxh1 24. Rxh1 b5 25.
Bf1 Nxc2 26. Qxc2 b4 27. Rh7 e5 28. Bc4 bxc3 29. Bxc3 exf4 30. Rxf7 Bxg5 31. Bd5 Qb5 32. Qg2 Bd8 33. Qxg6 Bc7 34. Bc4 Qc6 35. Rxf4 Nb6 36. e5 Nxc4 37. Rxc4 Qh1+ 38. Ka2 dxe5 39. Qxa6 Qb7 40.
Rb4 e4 41. Rxb7# 1-0

[Event "*** Titled Tuesday Blitz"]
[Site "Chess.com"]
[Date "2018.05.01"]
[Round "1"]
[White "Oleksandr_Bortnyk"]
[Black "Kangoroo3000"]
[Result "1/2-1/2"]
[WhiteElo "2776"]
[BlackElo "2404"]
[TimeControl "180+2"]
[EndTime "13:07:52 PDT"]
[Termination "Game drawn by repetition"]

1. e4 e6 2. d4 d5 3. Nc3 Bb4 4. e5 Ne7 5. Qg4 c5 6. Be3 cxd4 7. Bxd4 Nbc6 8. Nf3 Nf5 9. O-O-O Qa5 10. a3 Ncxd4 11.
axb4 Qa1+ 12. Kd2 Nxf3+ 13. gxf3 Qxb2 14. Rb1 h5 15. Qf4 g5 16. Qxg5 Qa3 17. Qf6 Rh6 18.
Bb5+ Bd7 19. Bxd7+ Kxd7 20. Qxf7+ Ne7 21. Ra1 Qxb4 22.
Ra4 Qc5 23. Rb1 Qxf2+ 24. Ne2 b6 25. Rf4 Rc8 26. Rf6 Rxc2+ 27. Kxc2 Qxe2+ 28. Kb3 Qd3+ 29. Kb2 Qd2+ 30. Ka3 Qa5+ 31. Kb2 Qd2+ 32. Kb3 Qd3+ 33. Ka2 Qc2+ 34. Rb2 Qa4+ 35. Kb1 Qd1+ 36. Ka2 Qa4+ 37. Kb1 Qd1+ 38. Ka2 Qa4+ 39. Kb1 Qd1+ 40. Ka2 Qa4+ 41. Kb1 Qd1+ 42. Ka2 Qa4+ 1/2-1/2

[Event "*** Titled Tuesday Blitz"]
[Site "Chess.com"]
[Date "2018.05.01"]
[Round "1"]
[White "BlackBoarder"]
[Black "capatl"]
[Result "1/2-1/2"]
[WhiteElo "2227"]
[BlackElo "2520"]
[TimeControl "180+2"]
[EndTime "13:07:57 PDT"]
[Termination "Game drawn by repetition"]

1. e4 c5 2. Nf3 e6 3. c3 Nf6 4. e5 Nd5 5. d4 cxd4 6. cxd4 Nc6 7. a3 Be7 8. Bd3 O-O 9. O-O f5 10. exf6 Bxf6 11. Nc3 Nxc3 12. bxc3 Ne7 13. Re1 b6 14.
Qc2 g6 15. Bh6 Bg7 16. Bxg7 Kxg7 17. Re2 Bb7 18. Be4 Qc7 19. Bxb7 Qxb7 20. Ne5 Rf4 21.
f3 Rc8 22. Qd3 Qc7 23. Rc1 Rff8 24. g3 Qb7 25. f4 Rc7 26. c4 Rfc8 27. d5 Nxd5 28.
Rce1 Nf6 29. Qd4 Rf8 30. g4 Kg8 31. g5 Nh5 32. Ng4 Rxf4 33. Nh6+ Kf8 34. Qh8+ Ke7 35. Ng8+ Kf7 36. Nh6+ Ke7 37. Ng8+ Kf7 38. Nh6+ Ke7 39. Ng8+ 1/2-1/2

[Event "*** Titled Tuesday Blitz"]
[Site "Chess.com"]
[Date "2018.05.01"]
[Round "1"]
[White "DanielNaroditsky"]
[Black "Muracle"]
[Result "1-0"]
[WhiteElo "2812"]
[BlackElo "2402"]
[TimeControl "180+2"]
[EndTime "13:07:59 PDT"]
[Termination "DanielNaroditsky won by resignation"]

1. Nf3 Nf6 2. c4 g6 3. Nc3 d5 4.
cxd5 Nxd5 5. h4 h6 6. Qb3 Nb6 7. h5 g5 8. e3 Bg7 9. d4 O-O 10.
Bd2 Be6 11. Qc2 c5 12. dxc5 Nc4 13. Rd1 Nc6 14. Bc1 Qa5 15. Nd4 Nb4 16. Qb1 Qxc5 17.
Nxe6 fxe6 18. Ne4 Qc7 19. a3 Nxa3 20. bxa3 Nc2+ 21. Ke2 Qc4+ 22. Rd3 Rfd8 23. Kd2 Rac8 24. f3 Bc3+ 25. Kxc2 Rxd3 26. Qb3 Qxb3+ 27. Kxb3 Rd1 28. Kc2 Re1 29. Nxc3 b5 30. Bc4 Rxc1+ 31. Rxc1 Rxc4 32. Rd1 a5 33. Kb3 a4+ 34. Kb2 b4 35. Nxa4 bxa3+ 36. Kb3 Rc2 37. Kxc2 1-0

[Event "*** Titled Tuesday Blitz"]
[Site "Chess.com"]
[Date "2018.05.01"]
[Round "1"]
[White "AsaHoffmann"]
[Black "LawrenceTrent"]
[Result "0-1"]
[WhiteElo "2035"]
[BlackElo "2469"]
[TimeControl "180+2"]
[EndTime "13:08:06 PDT"]
[Termination "LawrenceTrent won by checkmate"]

1. d4 d5 2. Bg5 Nd7 3. c4 c6 4. cxd5 cxd5 5. Nc3 Ngf6 6. e3 e6 7. Bd3 a6 8. f4 Be7 9. Nf3 b5 10. O-O Bb7 11. Rc1 b4 12. Na4 Ne4 13. Bxe7 Qxe7 14. Bxe4 dxe4 15. Ne5 Nxe5 16. fxe5 O-O 17. Nc5 Bd5 18.
Qg4 Kh8 19. b3 f5 20. exf6 gxf6 21. Qh4 Qg7 22. Rf2 f5 23. Rcf1 a5 24. h3 Rg8 25.
Kh2 Qc7+ 26. Qf4 Qg7 27. Rg1 Raf8 28. Qd6 Rd8 29. Qf4 Rgf8 30. Qh4 Rde8 31. g4 f4 32. Rgf1 fxe3 33. Rxf8+ Rxf8 34. Rg1 e2 35. Qe1 Qxd4 36. Nd7 Rf2+ 37. Kg3 Qe3+ 38. Kh4 Qh6+ 39. Kg3 Rf3+ 40.
Kg2 Qxh3# 0-1

[Event "*** Titled Tuesday Blitz"]
[Site "Chess.com"]
[Date "2018.05.01"]
[Round "1"]
[White "FearlessKing64"]
[Black "LikeWater"]
[Result "0-1"]
[WhiteElo "2179"]
[BlackElo "2513"]
[TimeControl "180+2"]
[EndTime "13:08:07 PDT"]
[Termination "LikeWater won by resignation"]

1. e4 d6 2. d4 Nf6 3. Nc3 e5 4.
Nf3 Nbd7 5. Bc4 Be7 6. a4 O-O 7. a5 exd4 8. Nxd4 Nc5 9. f3 c6 10. O-O d5 11. exd5 cxd5 12. Be2 Be6 13. Be3 Rc8 14. Qd2 Nfd7 15. b4 Na6 16. b5 Bb4 17. bxa6 Bxc3 18. Qd3 Ne5 19. Qd1 Nc4 20. Bxc4 Rxc4 21.
axb7 Bxa1 22. Qxa1 Qc7 23. Rb1 a6 24. Qb2 Rb8 25.
Qb6 g5 26. Nxe6 Qxb6 27. Bxb6 Rxb7 28. Nxg5 f6 29. Nh3 Kf7 30. Rb2 Ra4 31. Kf2 Rxa5 32. g3 Rc5 33. Bxc5 Rxb2 34. Nf4 Rxc2+ 0-1

[Event "*** Titled Tuesday Blitz"]
[Site "Chess.com"]
[Date "2018.05.01"]
[Round "1"]
[White "Fandorine"]
[Black "bilelou"]
[Result "1-0"]
[WhiteElo "2725"]
[BlackElo "2377"]
[TimeControl "180+2"]
[EndTime "13:08:11 PDT"]
[Termination "Fandorine won by checkmate"]

1. e4 c5 2. Nf3 d6 3. Nc3 a6 4.
d4 cxd4 5. Nxd4 Nf6 6. Be3 Ng4 7. Bg5 h6 8. Bc1 Nf6 9. Bc4 e6 10. Bb3 Be7 11. O-O O-O 12. Qf3 Nc6 13. Nxc6 bxc6 14.
Qg3 Nh5 15. Qf3 Nf6 16. e5 dxe5 17. Qg3 Qd4 18. Be3 Nh5 19. Qf3 Qh4 20. Qxc6 Rb8 21. Qe4 Qxe4 22. Nxe4 Nf4 23. Rfd1 Bb7 24. f3 Nd5 25.
Bc5 Bxc5+ 26. Nxc5 Rfc8 27. Nd7 Ra8 28. Nxe5 a5 29.
c4 a4 30. cxd5 axb3 31. dxe6 Rxa2 32. exf7+ Kf8 33. Rac1 Rxc1 34. Rxc1 Rxb2 35. Rc7 Re2 36. Ng6# 1-0

[Event "*** Titled Tuesday Blitz"]
[Site "Chess.com"]
[Date "2018.05.01"]
[Round "1"]
[White "MikeSailer"]
[Black "ChainsOfFantasia"]
[Result "0-1"]
[WhiteElo "1931"]
[BlackElo "2421"]
[TimeControl "180+2"]
[EndTime "13:08:13 PDT"]
[Termination "ChainsOfFantasia won by resignation"]

1. d4 Nf6 2. c4 e6 3. g3 d5 4. Bg2 Be7 5. Nf3 O-O 6. O-O dxc4 7. Nc3 c6 8. a4 a5 9. e4 Na6 10. Qe2 Nb4 11. Qxc4 b6 12. Rd1 Ba6 13. Qb3 Qc8 14.
e5 Nfd5 15. Nxd5 cxd5 16. Bg5 Bxg5 17. Nxg5 h6 18. Rac1 Qd7 19. Nh3 Rfc8 20. Nf4 Rxc1 21. Rxc1 Rc8 22. Rc3 Rc4 23. Bf1 Qc6 24. Bxc4 dxc4 25.
Qd1 Bb7 26. f3 g5 27. Nh5 Nd5 28. Nf6+ Nxf6 29. exf6 Qd5 30. Qd2 Qf5 31. Qe2 Bd5 32. Qe5 Qb1+ 33. Kg2 Qxb2+ 34. Kh3 Qxc3 35. Qb8+ Kh7 36.
Qf8 Kg6 37. Qg7+ Kf5 38. Qxf7 Qxf3 39. Qh7+ Kxf6 40. Qxh6+ Kf7 41. Qh7+ Ke8 42. Qg8+ Qf8 43. Qg6+ Qf7 44. Qxg5 Qf5+ 45. Qxf5 exf5 46. Kh4 c3 0-1

[Event "*** Titled Tuesday Blitz"]
[Site "Chess.com"]
[Date "2018.05.01"]
[Round "1"]
[White "Incognito_Knight"]
[Black "Caisachess"]
[Result "1-0"]
[WhiteElo "2508"]
[BlackElo "2178"]
[TimeControl "180+2"]
[EndTime "13:08:15 PDT"]
[Termination "Incognito_Knight won by resignation"]

1. e4 e5 2. Nf3 Nc6 3. Bb5 f5 4. d3 fxe4 5. dxe4 Nf6 6. Nc3 Bb4 7. Qd3 d6 8. Bc4 Qe7 9. Bg5 Bxc3+ 10. bxc3 Be6 11.
Rb1 Nd8 12. Nh4 Bxc4 13. Qxc4 Qf7 14. Qxf7+ Kxf7 15. Bxf6 Kxf6 16. O-O g5 17. Nf5 b6 18.
g3 Ne6 19. Kg2 h5 20. h4 Nc5 21. Rbe1 a5 22. Rh1 g4 23. Rhf1 Nxe4 24. f3 gxf3+ 25. Rxf3 d5 26. Nd6+ Ke6 27. Nxe4 dxe4 28. Rxe4 Rhf8 29.
Rfe3 Rf5 30. g4 hxg4 31. Rxg4 Raf8 32. Rg6+ Kd5 33. Rd3+ Kc4 34. Rc6+ Kb5 35. Rxc7 e4 36. Rg3 Rf2+ 37. Kh3 Rxc2 38. Re7 Rc8 39. Re5+ Ka4 40. Rxe4+ Ka3 41. h5 R2xc3 42. Re2 Rxg3+ 43. Kxg3 b5 44. Re5 Ka4 45. h6 Rh8 46. Rh5 b4 47. Kg4 Ka3 48.
Rxa5+ Kb2 49. Kh5 1-0

[Event "*** Titled Tuesday Blitz"]
[Site "Chess.com"]
[Date "2018.05.01"]
[Round "1"]
[White "ghost_of_pushwood"]
[Black "Al_Shima"]
[Result "1/2-1/2"]
[WhiteElo "1777"]
[BlackElo "2405"]
[TimeControl "180+2"]
[EndTime "13:08:16 PDT"]
[Termination "Game drawn by repetition"]

1. c4 Nc6 2. Nc3 Nf6 3. g3 h5 4. h3 e5 5. Bg2 a6 6. d3 h4 7. g4 Bc5 8. e3 d6 9. Nge2 Ba7 10. d4 exd4 11. exd4 Bd7 12. Be3 Qe7 13. O-O Bxg4 14.
hxg4 Nxg4 15. Nd5 Qd8 16. Nef4 Nxe3 17. fxe3 Ne7 18. Nxe7 Qxe7 19. Nd5 Qd8 20. Qf3 O-O 21. Qg4 f6 22. Nf4 Qe7 23. Bd5+ Rf7 24. Qe6 Re8 25.
Qxf7+ Qxf7 26. Bxf7+ Kxf7 27. Kf2 g5 28. Nd5 c6 29.
Nc3 Kg6 30. Rh1 Kh5 31. Rag1 f5 32. Ne2 Bb6 33. Rg2 Bd8 34. Ng3+ Kg6 35. Ne2 g4 36.
Nf4+ Kf7 37. d5 c5 38. Ne6 Bf6 39. b3 h3 40. Rgg1 Bh4+ 41. Ke2 Bf6 42. Rf1 Kg6 43. Nf4+ Kg5 44. Ne6+ Kg6 45. Nf4+ Kg5 46. Ne6+ Kg6 47. Nf4+ Kg5 1/2-1/2

[Event "*** Titled Tuesday Blitz"]
[Site "Chess.com"]
[Date "2018.05.01"]
[Round "1"]
[White "SidArun"]
[Black "Fy_Rakotomaharo"]
[Result "0-1"]
[WhiteElo "2137"]
[BlackElo "2499"]
[TimeControl "180+2"]
[EndTime "13:08:18 PDT"]
[Termination "Fy_Rakotomaharo won by resignation"]

1. d4 Nf6 2. Nc3 d5 3. Bf4 g6 4. Qd2 a6 5. f3 b5 6. a3 Bb7 7. g4 Nbd7 8. Bg2 c5 9. e3 Bg7 10. Nge2 O-O 11. Bg3 Re8 12. h4 e5 13. dxe5 Nxe5 14.
Bxe5 Rxe5 15. f4 Re7 16. O-O-O Nxg4 17. Bxd5 Bxd5 18. Nxd5 Re8 19. Rhg1 Qxh4 20. f5 Nxe3 21. Nxe3 Bh6 22. Rg4 Qh3 23. Nf4 Qxe3 24. Qxe3 Rxe3 25. Kb1 Re4 26. fxg6 Rxf4 27. gxf7+ Kxf7 28. Rd7+ Ke6 29. Rxf4 Bxf4 30. Rxh7 c4 31. Rb7 Kd5 32. Ka2 Kc6 33.
Rf7 Bd6 34. Rh7 Rf8 35. Rh4 Rf2 36. Kb1 c3 37. bxc3 Bxa3 38. Rh6+ Bd6 39. Kb2 a5 40. Rh8 a4 41. Ra8 Be5 42. Ra6+ Kc5 43. Re6 Bf6 44. Re4 Rf3 0-1

[Event "*** Titled Tuesday Blitz"]
[Site "Chess.com"]
[Date "2018.05.01"]
[Round "1"]
[White "akretchetov"]
[Black "MasterLeif"]
[Result "1/2-1/2"]
[WhiteElo "2131"]
[BlackElo "2431"]
[TimeControl "180+2"]
[EndTime "13:08:21 PDT"]
[Termination "Game drawn - insufficient material"]

1. Nf3 Nf6 2. c4 e6 3. Nc3 d5 4. d4 Bb4 5. cxd5 exd5 6. Bg5 O-O 7. Rc1 Bf5 8. a3 Bxc3+ 9. Rxc3 c6 10. e3 h6 11. Bh4 Nbd7 12. Be2 Re8 13. O-O a5 14. b4 axb4 15. axb4 Qe7 16. b5 g5 17. Bg3 Ne4 18. Rc1 Nxg3 19. hxg3 Rec8 20. bxc6 bxc6 21. Qd2 Bg4 22. Rc2 c5 23. dxc5 Rxc5 24. Rxc5 Qxc5 25. Rc1 Ra2 26. Rxc5 Rxd2 27. Rc8+ Nf8 28. Rxf8+ Kxf8 29. Nxd2 Bxe2 30. Nb3 Ke7 31. Nd4 Bd3 32. g4 Kd6 33. f3 Ke5 34. Kf2 f5 35. gxf5 Bxf5 36. Nxf5 Kxf5 37. g4+ Ke5 38. Ke2 d4 39. e4 Kd6 40.
Kd2 Kc6 41. Kc2 Kb5 42. Kd3 Kc5 43. Ke2 Kb5 44. Kd3 Kc5 45. e5 Kd5 46. e6 Kxe6 47.
Kxd4 Kd6 48. Ke4 Ke6 49. f4 gxf4 50. Kxf4 Kf6 51. Kg3 Kg5 52. Kh3 Kf6 53. Kh4 Kg6 54. Kg3 Kf6 55. Kh4 Kg6 56. Kh3 Kg5 57. Kg3 h5 58. gxh5 Kxh5 1/2-1/2

[Event "*** Titled Tuesday Blitz"]
[Site "Chess.com"]
[Date "2018.05.01"]
[Round "1"]
[White "Bad4life"]
[Black "tuttocalabria"]
[Result "0-1"]
[WhiteElo "2394"]
[BlackElo "1947"]
[TimeControl "180+2"]
[EndTime "13:08:21 PDT"]
[Termination "tuttocalabria won by checkmate"]

1. e4 d6 2. d4 Nf6 3. Nc3 c6 4. Be2 e5 5. Nf3 Nbd7 6. O-O Be7 7. Re1 O-O 8. h3 Re8 9. a4 a5 10. Bc4 exd4 11. Qxd4 Nc5 12. e5 dxe5 13. Qxd8 Rxd8 14. Nxe5 Be6 15. Bg5 Rd4 16. Bf1 h6 17. Be3 Rdd8 18.
g3 Nd5 19. Nxd5 Bxd5 20. Nc4 Bxc4 21. Bxc4 Nxa4 22. Bxh6 Nxb2 23. Rxe7 Nxc4 24. Bf4 b5 25. Rae1 a4 26. Rc7 Re8 27. Rd1 a3 28. Rxc6 a2 29. Ra1 Re2 30. Kg2 Rxc2 31. Kf3 Ra3+ 32. Ke4 Rxf2 33.
Rc8+ Kh7 34. h4 Re2+ 35. Kf5 Re6 36. Kg4 Ne5+ 37. Kf5 g6+ 38. Kg5 f6# 0-1

[Event "*** Titled Tuesday Blitz"]
[Site "Chess.com"]
[Date "2018.05.01"]
[Round "1"]
[White "RojonR"]
[Black "GMSrinath"]
[Result "0-1"]
[WhiteElo "2390"]
[BlackElo "2751"]
[TimeControl "180+2"]
[EndTime "13:08:23 PDT"]
[Termination "GMSrinath won by resignation"]

1. e4 c5 2. Nf3 d6 3. d4 cxd4 4.
Qxd4 a6 5. h3 Nc6 6. Qe3 g6 7.
c4 Bg7 8. Be2 Nf6 9. O-O O-O 10.
Nc3 Nd7 11. Rd1 Nc5 12. Rb1 a5 13. b3 f5 14. Bb2 fxe4 15. Ng5 Bh6 16. h4 Bf5 17. g4 Bd7 18. Ncxe4 Nxe4 19. Qxe4 Bxg5 20. hxg5 Qb6 21. c5 Qxc5 22. Qc4+ Qxc4 23. Bxc4+ Rf7 24. f3 Nd8 25. Bxf7+ Kxf7 26. Kf2 Ne6 27. Rbc1 Bc6 28. Rh1 Nxg5 29. Rh6 e5 30. Rc3 Rh8 31. Bc1 Ne6 32.
Be3 Kg7 33. Rh3 h5 34. gxh5 gxh5 35. Rg3+ Kf6 36. Rh3 Ng7 37. a3 Nf5 38. b4 axb4 39.
axb4 h4 40. Rd3 Ra8 41. Bd2 Ra2 42. Rh1 Bb5 43. Rd5 Bc4 0-1

[Event "*** Titled Tuesday Blitz"]
[Site "Chess.com"]
[Date "2018.05.01"]
[Round "1"]
[White "Supernotar"]
[Black "alturas_pacificas"]
[Result "1-0"]
[WhiteElo "2494"]
[BlackElo "2138"]
[TimeControl "180+2"]
[EndTime "13:08:24 PDT"]
[Termination "Supernotar won by resignation"]

1. d4 d5 2. c4 c6 3. e3 Nf6 4. Bd3 dxc4 5. Bxc4 Bf5 6. Qb3 e6 7. Qxb7 Nbd7 8. Qxc6 Rc8 9. Qa4 Be7 10. Nc3 O-O 11.
Be2 h5 12. Nf3 Ne4 13. Nxe4 Bxe4 14. O-O h4 15. h3 Nb6 16. Qd1 Nd5 17. Bd2 Qb6 18. Qb3 Qxb3 19. axb3 Rc2 20. Rxa7 Bxf3 21. Bxf3 Rxd2 22. Bxd5 Bf6 23. Bc4 Rxb2 24. Rfa1 g5 25. R7a2 Rxa2 26. Rxa2 Kg7 27. Kf1 Be7 28. Ra7 Kf6 29. Ke2 Rb8 30. e4 Bb4 31. e5+ Kg6 32. Ke3 Be1 33. d5 exd5 34. Bxd5 Rf8 35. Ra6+ Kg7 36.
f3 Bg3 37. e6 fxe6 38. Bxe6 Bf4+ 39. Ke4 Re8 40. Kf5 Rf8+ 41. Kg4 Rd8 42. Ra2 Rd2 43. Rxd2 Bxd2 44. Kf5 Kf8 45. Bc4 Ke7 46. b4 Kd6 47.
b5 Kc5 48. Bf1 Kb6 49. Kg4 Bf4 50. g3 Bxg3 51. Kxg5 Kc5 52. f4 Kd5 53. Bg2+ Ke6 54. b6 Kd7 55. b7 Kc7 56. f5 Be1 57. f6 Kb8 58. f7 Bb4 59. Kxh4 Bf8 60. Kg5 1-0

[Event "*** Titled Tuesday Blitz"]
[Site "Chess.com"]
[Date "2018.05.01"]
[Round "1"]
[White "pultineviciuspaulius"]
[Black "evgenysharapov"]
[Result "0-1"]
[WhiteElo "2545"]
[BlackElo "2279"]
[TimeControl "180+2"]
[EndTime "13:08:26 PDT"]
[Termination "evgenysharapov won by resignation"]

1. Nf3 c5 2. g3 Nc6 3. Bg2 g6 4.
O-O Bg7 5. c3 e5 6. d3 Nge7 7.
e4 O-O 8. Nbd2 d5 9. a3 a5 10. a4 h6 11. Re1 Be6 12. exd5 Bxd5 13. Qc2 Kh7 14. b3 Qc7 15. Nc4 f6 16. Nfd2 Bxg2 17. Kxg2 Rad8 18. Ba3 b6 19. Rad1 Rd7 20. Ne4 Rfd8 21. Re3 f5 22. Ned2 Nd5 23. Ree1 e4 24. dxe4 Nxc3 25. exf5 Nxd1 26. fxg6+ Kh8 27. Rxd1 Nd4 28.
Qe4 Nxb3 29. Qh4 Nxd2 30. Nxd2 Rxd2 31. Re1 Qc6+ 32. Kh3 Qxg6 33. Re7 Qf5+ 34. Qg4 Qxg4+ 35. Kxg4 R2d4+ 36. Kh5 Rxa4 37. Bc1 c4 38. Kg6 Rg8 39. Bxh6 Bxh6+ 40. Kxh6 Rc8 41. Rh7+ Kg8 42. Rg7+ Kf8 43.
Kh7 Rc5 44. Rg8+ Ke7 45. Rg7+ Kd6 46. g4 c3 47. g5 c2 48. g6 c1=Q 49. Rf7 Rh4+ 50.
Kg8 Rc8+ 51. Rf8 Rxf8+ 52. Kxf8 Qh6+ 53. Kf7 Rf4+ 0-1

[Event "*** Titled Tuesday Blitz"]
[Site "Chess.com"]
[Date "2018.05.01"]
[Round "1"]
[White "51616516516"]
[Black "TheLancer"]
[Result "0-1"]
[WhiteElo "2151"]
[BlackElo "2502"]
[TimeControl "180+2"]
[EndTime "13:08:26 PDT"]
[Termination "TheLancer won by resignation"]

1. d4 Nf6 2. c4 e6 3. Nc3 Bb4 4.
Qc2 Nc6 5. Nf3 d6 6. Bg5 h6 7.
Bh4 O-O 8. e3 Qe7 9. a3 Bxc3+ 10.
Qxc3 e5 11. dxe5 dxe5 12. Be2 a5 13. O-O g5 14. Bg3 Ne4 15. Qc2 f5 16. Rad1 Be6 17. b3 Bf7 18. h4 Bg6 19. hxg5 hxg5 20. Bh2 Kg7 21. Nd2 Nf6 22. Nf3 g4 23. Nh4 Bh7 24. Nxf5+ Bxf5 25. Qxf5 Rh8 26. Qg5+ Kf7 27. Bg3 Rh5 28.
Qxh5+ Nxh5 29. Bxg4 Nxg3 30. fxg3+ Kg8 31. Rd7 Qg5 32.
Be6+ Kh8 33. Rff7 Qxe3+ 34. Kf1 Qh6 35. Rh7+ Qxh7 36. Rxh7+ Kxh7 0-1